Description

Mass adepts kill and GG or its haras kills 20+ drones... continue macro (3rd Nexus 5min) and make more adepts. 5:40 resonating glaives and timing attack

ZIA after 8min if not winning game already. Composition Z I A if armored more I if hydralingbain more A :) after 8min no more adepts and make zealots.

VOD

https://youtu.be/3hve7T8yZ9Y?t=13115

Build Order

Get SALT Encoding   

  14  0:20  Pylon  first probe out of nexus. pylon in front to make walloff
  16  0:40  Gateway  probe go scout
  17  0:48  Assimilator  
  20  1:26  Nexus  STOP probes production 20
  20  1:36  Cybernetics Core  continue probes
  20  1:45  Assimilator  
  22  1:55  Pylon  on main. near assimilator
  23  2:15  Adept, Warp Gate (Chrono Boost)  on the readiness of the cyber
  27  2:30  Stargate  
  27  2:32  Adept  //first adept going to scout
  36  3:10  Gateway x2  
  36  3:15  Oracle  ///proenix or stalker to kill overloards
  49  3:55  Twilight Council  
  51  4:10  Gateway x3  total x6 gates
  59  4:35  Resonating Glaives (Chrono Boost)  ///constantly making adepts
  59  4:45  Nexus  //defend with adepts
  69  5:10  Assimilator  //only now making 3rd gas
  86  5:55  Robotics Facility  //warp prism
  88  6:00  Forge  //+1attack
  80  6:40  Protoss Ground Weapons Level 1 (Chrono Boost)  
Spawning Tool Build Advisor. Get it on Overwolf

Analysis

https://lotv.spawningtool.com/32944/ gml ptitDrogo https://lotv.spawningtool.com/33521/ Hero vs Rogue Here are similar replays.

Go to:

Details

  • Created by: Spinokio
  • Published on: Jan 18, 2018
  • Modified on: Jan 18, 2018
  • Patch: 4.0.0
Show
View Real Time Build Order
Export as new Build Order

Comments (0)

There are no comments. Be the first!

Create an account to comment!